 Dungeon Crawl Stone Soup version 0.25.1-2-g60ff931df9 (webtiles) character file.

Game seed: 11013848654630653445

167 Impeuri the Sneak (level 5, -1/27 HPs)
             Began as a Vine Stalker Assassin on Aug 20, 2020.
             Slain by a bullfrog (6 damage)
             ... on level 3 of the Dungeon.
             The game lasted 00:03:43 (2592 turns).

Impeuri the Sneak (Vine Stalker Assassin)           Turns: 2592, Time: 00:03:43

Health: -1/27      AC:  4    Str: 13    XL:     5   Next: 48%
Magic:  0/6        EV: 12    Int: 17    God:
Gold:   91         SH:  0    Dex: 17    Spells: 4/4 levels left

rFire    . . .     SeeInvis .   a - +2 dagger
rCold    . . .     Gourm    .   (no shield)
rNeg     . . .     Faith    .   b - +0 robe
rPois    .         Spirit   +   (no helmet)
rElec    .         Reflect  .   c - +0 cloak
rCorr    .         Harm     .   l - +0 pair of gloves
MR       .....                  (no boots)
Stlth    +++.......             (no amulet)
HPRegen  0.49/turn              g - +6 ring of intelligence
MPRegen  0.10/turn              (no ring)

@: no status effects
A: fangs 2, regeneration 1, magic shield, antimagic bite, no potion heal 3, rot
immunity
a: no special abilities


You were on level 3 of the Dungeon.
You were not hungry.

You visited 1 branch of the dungeon, and saw 3 of its levels.

You collected 91 gold pieces.

Inventory:

Hand Weapons
 a - a +2 dagger (weapon)
Missiles
 d - 40 poisoned darts (quivered)
 e - 2 curare-tipped darts
Armour
 b - a +0 robe (worn)
 c - a +0 cloak (worn)
 l - a +0 pair of gloves (worn)
Jewellery
 g - a +6 ring of intelligence (left hand)
 s - a cursed +6 ring of intelligence
Scrolls
 k - 2 scrolls of amnesia {unknown}
 m - a scroll of teleportation {unknown}
 n - a scroll of remove curse {unknown}
 o - 2 scrolls of magic mapping {unknown}
 p - 5 scrolls of identify {unknown}
 q - a scroll of noise {unknown}
Potions
 h - 2 potions of heal wounds {unknown}
 i - a potion of curing {unknown}
 r - a potion of degeneration {unknown}
Comestibles
 f - 9 rations
 j - 11 chunks of flesh


   Skills:
 + Level 2.7 Fighting
 * Level 3.3 Short Blades
 + Level 2.5 Throwing
 + Level 1.6 Dodging
 + Level 5.4 Stealth


You had 4 spell levels left.
You didn't know any spells.
Your spell library was empty.

Dungeon Overview and Level Annotations

Branches:
Dungeon (3/15)

Altars:
Elyvilon
Fedhas
Hepliaklqana
Trog


Innate Abilities, Weirdness & Mutations

You have extremely sharp teeth.
Your natural rate of healing is unusually fast.
When hurt, damage is shared between your health and your magic reserves.
Your bite disrupts and absorbs the magic of your enemies.
Potions cannot restore your health.
You are immune to rotting.


Message History

The bullfrog is severely wounded.
The bullfrog hits you.
* * * LOW HITPOINT WARNING * * *
Throwing (i - inventory. (/) - cycle)
d - 41 poisoned darts (quivered)
Press: ? - help, Shift-Dir - straight line, f/p - bullfrog
Aim: a bullfrog (severely wounded, poisoned)
You throw a poisoned dart.
The poisoned dart closely misses the bullfrog.
The bullfrog hits you.
* * * LOW HITPOINT WARNING * * *
The bullfrog hits you.
* * * LOW HITPOINT WARNING * * *
There is an open door, spattered with blood here.
The bullfrog hits you.
The bullfrog looks more healthy.
The bullfrog barely misses you. The bullfrog hits you.
* * * LOW HITPOINT WARNING * * *
The bullfrog hits you!
You die...

###...##.###
###'#(s...#.......
##.#.#.###
##...##....####..#.
#.##.##.#
##.....##(.###......
#..#.#.##
#.......##+##.....##
#.#...##
#..[8...##..##.#.###
.....##
#)...†.(#....#.#.#..
.....#
##.....##....'.#....
...###
##Fs.##'#..##.###.#
....##
+#@###..####..# #.#
.....## ##..##....#
..# #.# ......#
#....'....# ...# #.#
......# #....##..##
.### #.# ....#.#
##..###### #. #.#
...##.# #### #.#
#...#.# ..# ).....#
###.###


You could see a bullfrog and a giant cockroach.

Vanquished Creatures
  Terence (D:2)
  5 adders
  An ooze (D:1)
  4 worms
  5 dart slugs
  4 leopard geckos
  3 orcs (D:3)
  5 giant cockroaches
  5 goblins
  5 hobgoblins
  3 jackals (D:1)
  8 kobolds
  2 quokkas
  7 bats
  2 frilled lizards
  3 rats (D:1)
63 creatures vanquished.

Notes
Turn   | Place    | Note
-------+----------+-------------------------------------------
     0 | D:1      | Impeuri the Vine Stalker Assassin began the quest for the
                  | Orb.
     0 | D:1      | Reached XP level 1. HP: 11/11 MP: 2/2
   154 | D:1      | Reached XP level 2. HP: 15/15 MP: 3/3
   166 | D:1      | Reached skill level 1 in Dodging
   166 | D:1      | Reached skill level 5 in Stealth
   466 | D:1      | Reached XP level 3. HP: 11/18 MP: 4/4
  1504 | D:2      | Noticed Terence
  1506 | D:2      | Found a bloodstained altar of Trog.
  1506 | D:2      | Found a blossoming altar of Fedhas.
  1511 | D:2      | Killed Terence
  1511 | D:2      | Gained mutation: Your natural rate of healing is unusually
                  | fast. [Vine Stalker growth]
  1511 | D:2      | Reached XP level 4. HP: 23/23 MP: 5/5
  1514 | D:2      | Found a hazy altar of Hepliaklqana.
  1588 | D:2      | Found a white marble altar of Elyvilon.
  1980 | D:2      | Reached XP level 5. HP: 27/27 MP: 6/6
  2592 | D:3      | Slain by a bullfrog

Illustrated notes

Levels and vault maps discovered:
D:1:      dpeg_arrival_orchard, layout_loops_cross, serial_glass,
          glass_columns_b, glass_columns_a, feat_on_display,
          due_unseen_surprise, feat_on_display, st_stairs_9,
          minmay_misc_feat_plants
D:2:      cheibrodos_helix_gallery, layout_loops_ring, elyvilon_altar_5,
          gammafunk_temple_overflow_forgotten, st_stairs_12, uniq_terence
D:3:      minmay_bubble_buster, layout_loops_ring, cheibrodos_ashenzari_chains

Skill      XL: |  1  2  3  4 |
---------------+-------------+-----
Short Blades   | 2 3 |  3.3
Dodging        | 1 |  1.6
Stealth        | 5 |  5.4
Fighting       | 2 |  2.7
Throwing       | 2 |  2.5

Action                   |  1- 3 |  4- 6 || total
-------------------------+-------+-------++-------
Melee: Dagger            |    91 |    84 ||   175
       Bite              |    19 |    34 ||    53
Throw: Dart              |       |    10 ||    10
 Stab: Sleeping          |    11 |     9 ||    20
  Eat: Chunk             |     2 |     3 ||     5
Armor: Robe              |    18 |    11 ||    29
Dodge: Dodged            |    50 |    46 ||    96
